 Dungeon Crawl Stone Soup version 0.28-a0-474-g535839065c (webtiles) character file.

Game seed: 13000043226512705711

0 spiderkeys the Skirmisher (level 1, -29/16 HPs)
             Began as an Octopode Abyssal Knight on Sept 15, 2021.
             Was a Follower of Lugonu.
             Killed from afar by a hellion (35 damage)
             ... with damnation
             ... on level 2 of the Abyss.
             The game lasted 00:00:41 (204 turns).

spiderkeys the Skirmisher (Octopode Abyssal Knight)  Turns: 204, Time: 00:00:41

Health: -29/16     AC:  1    Str: 11    XL:     1   Next: 0%
Magic:  2/2        EV: 13    Int: 14    God:    Lugonu [*.....]
Gold:   0          SH:  0    Dex: 11    Spells: 0/0 levels left

rFire   . . .      SeeInvis .   a - +1 spear
rCold   . . .      Faith    .   (no shield)
rNeg    . . .      Spirit   .   (helmet restricted)
rPois   .          Reflect  .   (no amulet)
rElec   .          Harm     .   (no ring)
rCorr   .          Rampage  .   (no ring)
Will    .....                   (no ring)
Stlth   ++........              (no ring)
HPRegen 0.05/turn               (no ring)
MPRegen 0.08/turn               (no ring)
                                (no ring)
                                (no ring)

@: no status effects
A: almost no armour, amphibious, 8 rings, camouflage 1, gelatinous body 1,
(nimble swimmer 1), tentacles
a: Renounce Religion, Depart the Abyss


You were on level 2 of the Abyss.
You worshipped Lugonu.
Lugonu was aware of your devotion.
You visited 0 branches of the dungeon, and saw 0 of its levels.
You visited the Abyss 1 time.


Innate Abilities, Weirdness & Mutations

You cannot wear most types of armour.
You are amphibious.
You can wear up to eight rings at the same time.
Your skin changes colour to match your surroundings (Stealth+).
Your rubbery body absorbs attacks. (AC +1, EV +1)
((You are camouflaged near water. (Stealth+)))
You have tentacles for arms and can constrict up to eight enemies at once.


   Skills:
 + Level 3.0 Fighting
 + Level 2.0 Polearms
 + Level 2.3 Dodging
 + Level 2.0 Invocations


You couldn't memorise any spells.
You didn't know any spells.
Your spell library was empty.

Inventory:

Hand Weapons
 a - a +1 spear (weapon)
Wands
 c - a wand of polymorph (6)
   (You found it on level 2 of the Abyss)
Scrolls
 b - a scroll of summoning {unknown}

Dungeon Overview and Level Annotations

Branches:
Dungeon (0/15)

Altars:

...####..≈≈≈≈≈.≈.#.###..
..≈≈##.≈≈≈≈≈......... .
≈≈♣≈≈≈≈≈♣♣≈≈.....##... #
≈♣≈≈≈#.##≈4≈≈.#.#.. #.#
..≈≈2...#.≈≈≈#...### .
.#..#..#.#.≈.#.#≈≈.
.......x.(.♣.≈≈####
....#§..#.#≈≈≈≈≈#. #
#.#@.#. ≈≈≈#..
#..##..≈.§§.## .....
§§≈≈≈≈≈# .....## #.≈≈≈≈
##..# ≈≈≈≈ #.# #♣≈ #. #


You could see a hellwing, a hellion and a small abomination.


Message History

You hit the bush but do no damage. You hit the bush. You hit the bush.
You hit the bush but do no damage. You squeeze the bush, but do no damage.
You hit the bush. You hit the bush but do no damage.
You squeeze the bush, but do no damage. You hit the bush but do no damage.
You squeeze the bush. You hit the bush but do no damage. You hit the bush.
You hit the bush. You hit the bush but do no damage.
You hit the bush but do no damage. You hit the bush but do no damage.
You hit the bush but do no damage. You hit the bush but do no damage.
You hit the bush. You hit the bush but do no damage.
You squeeze the bush, but do no damage. You hit the bush.
You hit the bush but do no damage. You hit the bush but do no damage.
You hit the bush but do no damage. You hit the bush.
You hit the bush but do no damage. You squeeze the bush, but do no damage.
You hit the bush but do no damage. You hit the bush but do no damage.
You hit the bush but do no damage. You hit the bush.
You hit the bush but do no damage. You squeeze the bush, but do no damage.
You hit the bush but do no damage. You hit the bush but do no damage.
You hit the bush but do no damage. You hit the bush but do no damage.
You squeeze the bush. You hit the bush but do no damage.
You squeeze the bush, but do no damage. You hit the bush but do no damage.
You hit the bush. You hit the bush but do no damage.
You hit the bush but do no damage. You squeeze the bush.
You hit the bush but do no damage. You hit the bush but do no damage.
You hit the bush but do no damage. You hit the bush but do no damage.
You hit the bush. You squeeze the bush, but do no damage.
You hit the bush but do no damage. You hit the bush.
You hit the bush but do no damage. You hit the bush but do no damage.
You hit the bush but do no damage. You hit the bush but do no damage.
You squeeze the bush, but do no damage. You hit the bush.
You hit the bush but do no damage. You squeeze the bush.
You hit the bush but do no damage. You squeeze the bush. You hit the bush.
You hit the bush. You hit the bush but do no damage.
You hit the bush but do no damage. You hit the bush but do no damage.
You squeeze the bush. You hit the bush but do no damage.
You hit the bush but do no damage. You hit the bush but do no damage.
You hit the bush but do no damage. You squeeze the bush.
You hit the bush but do no damage. You hit the bush but do no damage.
You hit the bush but do no damage. You hit the bush but do no damage.
You squeeze the bush, but do no damage. You hit the bush but do no damage.
You completely miss the bush. You hit the bush but do no damage.
You squeeze the bush, but do no damage. You hit the bush but do no damage.
You hit the bush but do no damage. You squeeze the bush, but do no damage.
You hit the bush but do no damage. You hit the bush.
You completely miss the bush. You hit the bush but do no damage.
You squeeze the bush.
You destroy the bush!
You hit the bush but do no damage. You hit the bush but do no damage.
There is a gateway leading deeper into the Abyss here.
You plunge deeper into the Abyss.
b - a scroll labelled LIOCAU CYABBOP
c - a wand of polymorph (6)
A smoke demon comes into view.
A hellwing comes into view.
The hellwing gives a chilling moan.
The smoke demon roars!
You hear a roar!
The smoke demon gestures at you. Something smites you!
Ouch! That really hurt!
* * * LOW HITPOINT WARNING * * *
😱 HP[-12]
You take 12 damage, and now have 4/16 hp.
MASSIVE DAMAGE!! (PAUSE)
Okay, then. 😨 HP[+1]
A quasit comes into view.
A small abomination comes into view. 😨 HP[+1]
A hellion comes into view.
The hellion gives a hideous shriek!
The hellion gestures at you.
The sphere of damnation explodes!
The damnation engulfs you!!
Ouch! That really hurt!
You die...

Action                   || total
-------------------------++-------
Melee: Spear             ||   107
       Tentacles         ||    33

Levels and vault maps discovered:
Abyss:2:  base: Temple, hangedman_decor_riveting

Notes
Turn   | Place    | Note
-------+----------+-------------------------------------------
     0 | Abyss:1  | spiderkeys the Octopode Abyssal Knight began the quest for
                  | the Orb.
     0 | Abyss:1  | Reached XP level 1. HP: 16/16 MP: 2/2
     0 | Abyss:1  | magus.rc [v1.9.10]
   159 | Abyss:2  | Noticed a smoke demon
   159 | Abyss:2  | Noticed a hellwing
   162 | Abyss:2  | HP: 4/16 [smoke demon/divine providence (12)]
   188 | Abyss:2  | Noticed a quasit
   189 | Abyss:2  | Noticed a small abomination
   201 | Abyss:2  | Noticed a hellion
   204 | Abyss:2  | Killed from afar by a hellion

Vanquished Creatures
  A bush (Abyss:1)
1 creature vanquished.

Table legend:
 A = Non-vault XP
 B = Vault XP
 C = Vault XP percentage of total XP
 D = Non-vault monster count
 E = Vault monster count
 F = Vault count percentage of total count
                 A         B        C        D         E       F
            +---------+---------+-------+---------+---------+-------
      Total |       0 |       0 |   N/A |       0 |       0 |  -nan
            +---------+---------+-------+---------+---------+-------
            +---------+---------+-------+---------+---------+-------

Illustrated notes

Table legend: (Time is in decaauts)
 A = Elapsed time spent in this place.
 B = Non-inter-level travel time spent in this place.
 C = Inter-level travel time spent in this place.
 D = Time resting spent in this place.
 E = Time spent auto-exploring this place.
 F = Levels seen in this place.
 G = Mean time per level.
                   A        B        C        D        E       F      G
               +--------+--------+--------+--------+--------+-----+--------+
         Total |    203 |    203 |      0 |      0 |      4 |   2 |  101.5 |
         Abyss |    203 |    203 |      0 |      0 |      4 |   2 |  101.5 |
               +--------+--------+--------+--------+--------+-----+--------+

Top non-repeatable levels by time:
 Abyss:1: 126 daAuts
 Abyss:2: 77 daAuts
